 Dungeon Crawl Stone Soup version 0.31-a0-1005-gfbdfbac (webtiles) character file.

Game seed: 2871827125226306147

227 Partyfoot the Trooper (level 5, -6/42 HPs)
             Began as a Demonspawn Fighter on Nov 11, 2023.
             Mangled by a black bear (8 damage)
             ... on level 4 of the Dungeon.
             The game lasted 00:05:20 (2844 turns).

Partyfoot the Trooper (Demonspawn Fighter)          Turns: 2844, Time: 00:05:20

Health: -6/42      AC:  9    Str: 18    XL:     5   Next: 70%
Magic:  5/5        EV:  9    Int:  9    God:
Gold:   282        SH:  0    Dex: 13    Spells: 4/4 levels left

rFire   . . .        a - +0 flail
rCold   . . .        (no shield)
rNeg    . . .        b - +0 scale mail
rPois   .            (no helmet)
rElec   .            (no cloak)
rCorr   .            (no gloves)
SInv    .            (no boots)
Will    .....        (no amulet) Stlth
                     (no ring)
HPRegen 0.27/turn    (no ring)
MPRegen 0.09/turn

%: no passive effects
@: no status effects
A: icy blue scales 1, demonic magic 1, weakness stinger 1
a: no special abilities


You were on level 4 of the Dungeon.
You visited 1 branch of the dungeon, and saw 4 of its levels.

You collected 282 gold pieces.

Inventory:

Hand Weapons
 a - a +0 flail (weapon)
 m - a +0 sling
Missiles
 e - 42 stones
Armour
 b - a +0 scale mail (worn)
 c - a +0 buckler
Scrolls
 f - a scroll of poison {unknown}
 g - 2 scrolls of identify {unknown}
 i - a scroll of enchant weapon {unknown}
 k - a scroll of fog {unknown}
Potions
 d - a potion of might
 h - a potion of resistance {unknown}
 j - a potion of heal wounds {unknown}
 l - a potion of lignification {unknown}


   Skills:
 + Level 4.1 Fighting
 + Level 3.1 Maces & Flails
 + Level 3.7 Armour
 + Level 3.7 Shields


You had 4 spell levels left.
You didn't know any spells.
Your spell library contained the following spells:

 Spells                   Type           Power      Damage    Failure   Level
 Ensorcelled Hibernation  Hex/Ice        0%         N/A       88%         2
 Jinxbite                 Hex            0%         N/A       88%         2
 Anguish                  Hex/Necr       0%         N/A       100%        4


Dungeon Overview and Level Annotations

Branches:
Dungeon (4/15)
 Temple: D:4-7

Altars:


Innate Abilities, Weirdness & Mutations

You are partially covered in icy blue scales. (AC +2)
Spells you cast may paralyse adjacent enemies.
You have a small tail.


Message History

You hit the black bear.
The black bear is severely wounded.
The black bear bites you.
The black bear claws you but does no damage.
The black bear claws you.
You are too injured to fight recklessly!
You are too injured to fight recklessly!
You are too injured to fight recklessly!
You are too injured to fight recklessly!
You barely miss the black bear. You tail-slap the black bear.
The black bear is severely wounded.
The black bear bites you but does no damage.
The black bear claws you but does no damage.
The black bear barely misses you.
You closely miss the black bear.
The black bear is severely wounded.
The black bear bites you!
The black bear claws you but does no damage.
The black bear barely misses you.
The black bear goes berserk!
You sock the black bear! You tail-slap the black bear.
The black bear is almost dead.
The black bear barely misses you.
The black bear claws you but does no damage. x2
The black bear closely misses you.
The black bear claws you but does no damage.
The black bear claws you.
* * * LOW HITPOINT WARNING * * *
You closely miss the black bear.
The black bear is almost dead.
The black bear bites you but does no damage.
The black bear barely misses you.
The black bear claws you but does no damage.
You barely miss the black bear.
The black bear is almost dead.
The black bear bites you.
* * * LOW HITPOINT WARNING * * *
The black bear barely misses you. The black bear claws you.
* * * LOW HITPOINT WARNING * * *
The black bear bites you!
You die...

#..#..... #.......### #!.#......#
##..#......## #............
#.........## #....h!.....
###...@....... .##
####.........##.. ....
##.###.....##..# ...#
##...#..........#.. ##..#
####.........##.##....###...###
##.#..............#......#.....#
#................... ...........
##.##...........#..#####.........
#...#...............###..........


You could see a black bear (berserk).

Vanquished Creatures
  An ogre (D:4)
  An iguana (D:4)
  An orc wizard (D:3)
  4 adders
  2 dart slugs
  6 orcs
  6 ball pythons
  6 bats
  2 endoplasms (D:3)
  A giant cockroach (D:1)
  5 goblins
  6 hobgoblins
  3 jackals (D:1)
  A quokka (D:2)
  2 frilled lizards
  4 kobolds (D:1)
  5 rats
56 creatures vanquished.

Notes
Turn   | Place    | Note
-------+----------+-------------------------------------------
     0 | D:1      | Partyfoot the Demonspawn Fighter began the quest for the
                  | Orb.
     0 | D:1      | Reached XP level 1. HP: 18/18 MP: 1/1
   149 | D:1      | Gained mutation: You have a small tail. [demonic ancestry]
   149 | D:1      | Reached XP level 2. HP: 23/24 MP: 2/2
   482 | D:1      | Gained mutation: Spells you cast may paralyse adjacent
                  | enemies. [demonic ancestry]
   482 | D:1      | Reached XP level 3. HP: 29/29 MP: 3/3
  1802 | D:3      | HP: 1/29 [goblin/+0 dagger (2)]
  2016 | D:3      | Reached XP level 4. HP: 32/35 MP: 4/4
  2574 | D:4      | Noticed an ogre
  2577 | D:4      | Killed an ogre
  2578 | D:4      | Reached skill level 4 in Fighting
  2578 | D:4      | Gained mutation: You are partially covered in icy blue
                  | scales. (AC +2) [demonic ancestry]
  2578 | D:4      | Reached XP level 5. HP: 5/42 MP: 5/5
  2830 | D:4      | Noticed a black bear
  2844 | D:4      | HP: 2/42 [black bear (5)]
  2844 | D:4      | Mangled by a black bear

Illustrated notes

Levels and vault maps discovered:
D:1:      spicycebolla_arrival_xxxplode, layout_basic,
          chequers_serial_rivers_large_b
D:2:      layout_loops_corners, kennysheep_generic_room_12
D:3:      layout_loops_corners
D:4:      layout_cave_pools

Skill      XL: |  1  2  3  4 |
---------------+-------------+-----
Maces & Flails | 2 3 |  3.1
Armour         | 3 |  3.7
Shields        | 3 |  3.7
Fighting       | 4 |  4.1

Action                     |  1- 3 |  4- 6 || total
---------------------------+-------+-------++-------
  Melee: Flail             |   131 |    52 ||   183
         Tailslap          |    12 |     4 ||    16
         Punch             |       |     1 ||     1
 Armour: Scale mail        |   136 |    48 ||   184
  Dodge: Dodged            |    59 |    36 ||    95
  Block: Buckler           |    41 |     7 ||    48

Table legend: (Time is in decaauts)
 A = Elapsed time spent in this place.
 B = Non-inter-level travel time spent in this place.
 C = Inter-level travel time spent in this place.
 D = Time resting spent in this place.
 E = Time spent auto-exploring this place.
 F = Levels seen in this place.
 G = Mean time per level.
                   A        B        C        D        E       F      G
               +--------+--------+--------+--------+--------+-----+--------+
         Total |   2932 |   2834 |     98 |    291 |   2106 |   4 |  733.0 |
       Dungeon |   2932 |   2834 |     98 |    291 |   2106 |   4 |  733.0 |
               +--------+--------+--------+--------+--------+-----+--------+

Top non-repeatable levels by time:
     D:3: 898 daAuts
     D:2: 855 daAuts
     D:1: 854 daAuts
     D:4: 324 daAuts
